 Dungeon Crawl Stone Soup version 0.28.0 (webtiles) character file.

Game seed: 11664146216351928519

25 iguanaiguana the Shield-Bearer (level 2, 9/27 HPs)
             Began as a Deep Dwarf Fighter on Feb 16, 2022.
             Was a High Priest of Ignis.
             Got out of the dungeon alive.
             The game lasted 00:05:22 (570 turns).

iguanaiguana the Shield-Bearer (Deep Dwarf Fighter)  Turns: 570, Time: 00:05:22

Health: 9/27       AC:  6    Str: 19    XL:     2   Next: 86%
Magic:  2/2        EV:  9    Int:  8    God:    Ignis [*****.]
Gold:   13         SH:  4    Dex: 12    Spells: 1/1 levels left

rFire   + . .      SeeInvis .   j - +2 whip (flame)
rCold   . . .      Faith    .   c - +0 buckler
rNeg    . . .      Spirit   .   b - +0 scale mail
rPois   .          Reflect  .   (no helmet)
rElec   .          Harm     .   (no cloak)
rCorr   .          Rampage  .   (no gloves)
Will    .....                   (no boots)
Stlth   ..........              (no amulet)
HPRegen 0.00/turn               (no ring)
MPRegen 0.08/turn               (no ring)

@: no status effects
A: damage resistance, heal wounds, sense surroundings 1, no regeneration
a: Heal Wounds, Renounce Religion, Fiery Armour, Foxfire Swarm, Rising Flame


You escaped.
You worshipped Ignis.
Ignis was extremely pleased with you.
You visited 1 branch of the dungeon, and saw 1 of its levels.

You collected 13 gold pieces.

Inventory:

Hand Weapons
 a - a +0 war axe
 j - a +2 whip of flaming (weapon)
Missiles
 k - 6 poisoned darts
Armour
 b - a +0 scale mail (worn)
 c - a +0 buckler (worn)
Scrolls
 e - a scroll of acquirement {unknown}
 h - 2 scrolls of identify {unknown}
 i - a scroll of fog {unknown}
Potions
 d - a potion of might {@q3}
 f - a potion of cancellation {unknown}
 g - a potion of berserk rage {unknown}


   Skills:
 + Level 2.9 Fighting
 * Level 3.0 Axes
 - Level 3.4 Armour
 - Level 1.1 Stealth
 - Level 3.4 Shields


You had one spell level left.
You didn't know any spells.
Your spell library was empty.

Dungeon Overview and Level Annotations

Branches:
Dungeon (1/15)

Altars:
Ignis


Innate Abilities, Weirdness & Mutations

You are resistant to damage.
You can heal yourself by infusing magical energy.
You passively map a small area around you.
You do not regenerate.


Message History

You kill the goblin!
The floating eye turns its gaze towards you.
A kobold comes into view. It is wielding a +0 club.
The kobold hits you with a +0 club.
You hit the kobold. You burn the kobold.
You kill the kobold!
Things that are here:
a +0 club; 4 stones You are too injured to fight recklessly!
Found a stone staircase leading down.
There is a stone staircase leading down here.
A hobgoblin comes into view.
You hit the hobgoblin. You burn the hobgoblin.
You kill the hobgoblin!
Your Axes skill increases to level 3!
Found a hand axe.
The eye of devastation turns its gaze towards you.
The floating eye turns its gaze towards you.
The great orb of eyes turns its gaze towards you.
The eye of devastation turns its gaze towards you.
The floating eye pulsates ominously.
There is a faded altar of an unknown god here.
You cannot tell which god this altar belongs to.
Convert to them anyway?
Okay, then.
Unknown command.
Press < or > to pray at altars.
Unknown command.
Press < or > to pray at altars.
You cannot tell which god this altar belongs to.
Convert to them anyway?
Ignis accepts your prayer! Ignis welcomes you!
Save game and exit?
Welcome back, iguanaiguana the Deep Dwarf Fighter.
The flames of Ignis gently warm you.
Press ? for a list of commands and other information.
There is a staircase leading out of the dungeon here.
You can't go down here!
Unknown command.
Are you sure you want to leave the Dungeon?
This will make you lose the game!
You have escaped!

...###.# #.#.##....###.####..'..#
...#G#.###..........##......#'#..
...###.[..##........##.##..##.##.
.............###.......#..##.8.##
._......#..#.###.##.###..##.....#
.......##..#.#......# #.##...'...
...###.....#........###.#...#'#..
...#G#..##.#.........##.+8.##.##.
...###...#.#....@..).##.#.##...##
........................###.....#
.........####...........##...##..
...####..# *##..........#..#.###.
......#..##..................##..
...##.#..##.##...................
...##......)#####..........#.#.##
.........# #..........#.....
#######.## #....#.#######.#.


There were no monsters in sight!

Vanquished Creatures
  2 ball pythons (D:1)
  4 endoplasms (D:1)
  2 giant cockroaches (D:1)
  2 goblins (D:1)
  4 hobgoblins (D:1)
  A quokka (D:1)
  2 bats (D:1)
  2 frilled lizards (D:1)
  2 kobolds (D:1)
  A rat (D:1)
22 creatures vanquished.

Notes
Turn   | Place    | Note
-------+----------+-------------------------------------------
     0 | D:1      | iguanaiguana the Deep Dwarf Fighter began the quest for the
                  | Orb.
     0 | D:1      | Reached XP level 1. HP: 20/20 MP: 1/1
    89 | D:1      | Reached XP level 2. HP: 12/27 MP: 2/2
   187 | D:1      | Reached skill level 1 in Stealth
   423 | D:1      | Found a faded altar of an unknown god.
   424 | D:1      | Noticed an eye of devastation
   426 | D:1      | Noticed a great orb of eyes
   426 | D:1      | Noticed a floating eye
   426 | D:1      | Noticed a floating eye
   552 | D:1      | Prayed at the altar of an unknown god.
   552 | D:1      | Became a worshipper of Ignis, the Dying Flame
   570 | D:$      | Got out of the dungeon alive.

Illustrated notes

Levels and vault maps discovered:
D:1:      dpeg_arrival_orchard, layout_loops_cross,
          hellmonk_ecumenical_altar_watching_god, grunt_decor_arrowhead

Skill      XL: |  1  2 |
---------------+-------+-----
Stealth        | 1 |  1.1
Axes           | 3 |  3.0
Fighting       | |  2.9
Armour         | |  3.4
Shields        | |  3.4

Action                   || total
-------------------------++-------
Melee: War axe           ||    38
       Whip              ||    23
Armor: Scale mail        ||    23
Dodge: Dodged            ||    31
Block: Buckler           ||    11
